[Event "EYCC Open-U10 2019"]
[Site "Bratislava"]
[Date "2019.08.10"]
[Round "9.13"]
[White "Tykheev, Aldar"]
[Black "Tabuenca Mendataurigoitia, Dani"]
[Result "1-0"]
[ECO "B01"]
[WhiteElo "1434"]
[BlackElo "1765"]
[Annotator "NA RC"]
[PlyCount "57"]
[EventDate "2019.08.02"]
[EventType "swiss"]
[EventCountry "SVK"]
[SourceTitle "playchess.com"]
[Source "ChessBase"]
[SourceQuality "1"]
[TimeControl "40/5400+30:1800+30"]

1. e4 d5 2. exd5 Qxd5 3. Nc3 Qd6 4. d4 Nf6 5. Nf3 c6 6. Be2 Bf5 7. O-O e6 8. Ne5 Qc7 9. Bf4 Bd6 10. g4 Bg6 11. Bg3 Nd5 12. Nxd5 exd5 13. f4 f6 14. Nxg6 hxg6 15. Bd3 Kf7 16. c4 g5 17. Qc2 gxf4 18. Bg6+ Kg8 19. Qf5 Na6 20. Rae1 Kf8 21. Bxf4 Bxf4 22. Rxf4 Rh6 23. Re5 Qd6 24. g5 Rh8 25. Re6 Qb4 26. gxf6 Qd2 27. fxg7+ Kxg7 28. Re7+ Kh6 29. Rh4# 1-0

[Event "EYCC Open-U10 2019"]
[Site "Bratislava"]
[Date "2019.08.10"]
[Round "9.14"]
[White "Gordeev, Denis"]
[Black "Salinas Tomas, Daniel"]
[Result "1-0"]
[ECO "B20"]
[WhiteElo "1467"]
[BlackElo "2001"]
[Annotator "NA RC"]
[PlyCount "45"]
[EventDate "2019.08.02"]
[EventType "swiss"]
[EventCountry "SVK"]
[SourceTitle "playchess.com"]
[Source "ChessBase"]
[SourceQuality "1"]
[TimeControl "40/5400+30:1800+30"]

1. e4 c5 2. b4 cxb4 3. a3 d5 4. exd5 Qxd5 5. Nf3 Bg4 6. axb4 Bxf3 7. Qxf3 Qxf3 8. gxf3 e6 9. b5 Nd7 10. Bb2 Ngf6 11. Rg1 e5 12. Bh3 Rg8 13. Nc3 Bd6 14. Ne4 Nxe4 15. fxe4 Nf6 16. f4 Nxe4 17. fxe5 Be7 18. Bg2 Bh4+ 19. Ke2 Nc5 20. d4 Ne6 21. Bxb7 Rb8 22. Bc6+ Kd8 23. Rxa7 1-0

[Event "EYCC Open-U10 2019"]
[Site "Bratislava"]
[Date "2019.08.10"]
[Round "9.15"]
[White "Deveci, Huseyin Said"]
[Black "Dimitrov, Martin"]
[Result "1-0"]
[ECO "B22"]
[WhiteElo "1558"]
[BlackElo "1473"]
[Annotator "NA RC"]
[PlyCount "73"]
[EventDate "2019.08.02"]
[EventType "swiss"]
[EventCountry "SVK"]
[SourceTitle "playchess.com"]
[Source "ChessBase"]
[SourceQuality "1"]
[TimeControl "40/5400+30:1800+30"]

1. e4 c5 2. c3 g6 3. d4 cxd4 4. cxd4 d5 5. e5 Nc6 6. Nc3 Nh6 7. h3 Bg7 8. g4 O-O 9. f4 f6 10. Bg2 fxe5 11. fxe5 e6 12. Nf3 Rxf3 13. Bxf3 Qh4+ 14. Kf1 Qg3 15. Be3 Bd7 16. Bf2 Qf4 17. Kg2 Rf8 18. Rf1 Nxe5 19. Bg3 Qxf3+ 20. Rxf3 Nxf3 21. Bf2 Bc6 22. Qe2 e5 23. Nb5 b6 24. Rc1 Ba8 25. Nc7 Bb7 26. Ne6 Rf7 27. Nd8 Rd7 28. Nxb7 e4 29. Rc8+ Kf7 30. Qb5 Re7 31. Qxd5+ Re6 32. Nd8+ Kf8 33. Nxe6+ Ke7 34. Nxg7 Ne1+ 35. Bxe1 Nxg4 36. Qd8+ Kf7 37. Qf8# 1-0

[Event "EYCC Open-U10 2019"]
[Site "Bratislava"]
[Date "2019.08.10"]
[Round "9.16"]
[White "kiladze, Luka"]
[Black "Mehtizada, Murad"]
[Result "1/2-1/2"]
[ECO "D26"]
[WhiteElo "1683"]
[BlackElo "1516"]
[Annotator "NA RC"]
[PlyCount "78"]
[EventDate "2019.08.02"]
[EventType "swiss"]
[EventCountry "SVK"]
[SourceTitle "playchess.com"]
[Source "ChessBase"]
[SourceQuality "1"]
[TimeControl "40/5400+30:1800+30"]

1. d4 d5 2. c4 dxc4 3. e3 Nf6 4. Bxc4 e6 5. Nf3 c5 6. O-O Be7 7. Nc3 O-O 8. Qe2 a6 9. a4 Nc6 10. Rd1 Qc7 11. Bd2 Rd8 12. dxc5 Bxc5 13. Rac1 b6 14. h3 Bb7 15. Na2 Qe7 16. Nc3 Nb4 17. e4 h6 18. Be3 Rxd1+ 19. Rxd1 Rc8 20. b3 Qc7 21. Bxc5 Qxc5 22. e5 Bxf3 23. Qxf3 Qxe5 24. Ne2 b5 25. axb5 axb5 26. Bd3 Nxd3 27. Qxd3 b4 28. Qa6 Rc2 29. Qa8+ Kh7 30. Nd4 Rd2 31. Rxd2 Qe1+ 32. Kh2 Qxd2 33. Nf3 Qxf2 34. Qf8 Qb6 35. Qxf7 Qd6+ 36. Kg1 Qd1+ 37. Kh2 Qxb3 38. Nd4 Qd5 39. Nxe6 Qe5+ {Nf8+ Kh8+} 1/2-1/2

[Event "EYCC Open-U10 2019"]
[Site "Bratislava"]
[Date "2019.08.10"]
[Round "9.17"]
[White "Wielgus, Wojciech"]
[Black "Bartodziej, Bartosz"]
[Result "1-0"]
[ECO "B31"]
[WhiteElo "1655"]
[BlackElo "1526"]
[Annotator "NA RC"]
[PlyCount "120"]
[EventDate "2019.08.02"]
[EventType "swiss"]
[EventCountry "SVK"]
[SourceTitle "playchess.com"]
[Source "ChessBase"]
[SourceQuality "1"]
[TimeControl "40/5400+30:1800+30"]

1. e4 c5 2. Nf3 Nc6 3. Bb5 g6 4. Bxc6 bxc6 5. O-O Bg7 6. Re1 Nh6 7. c3 O-O 8. d4 cxd4 9. cxd4 d5 10. e5 f6 11. exf6 exf6 12. h3 Re8 13. Nbd2 Nf5 14. Nb3 Bf8 15. Bf4 Bd7 16. Rxe8 Qxe8 17. Qd2 Nd6 18. Bxd6 Bxd6 19. Re1 Qb8 20. Nc5 Bxc5 21. dxc5 Qc7 22. Re7 Re8 23. Rxe8+ Bxe8 24. b4 a6 25. Qd4 Kf7 26. Qd3 Qb7 27. a3 Qb5 28. Qe3 Qb8 29. Qe2 Qb5 30. Qe3 Qb8 31. Qh6 Kg8 32. Qh4 Kg7 33. Qd4 Bd7 34. Qd3 Qb7 35. Qe3 Kf7 36. Qh6 Kg8 37. Qf4 Kg7 38. Qd6 Kf7 39. Nd4 Qc8 40. f4 h5 41. Kf2 Qe8 42. Qc7 Kg8 43. Qb7 Qe4 44. Ne2 Qf5 45. Qxa6 g5 46. b5 cxb5 47. c6 Bc8 48. Qxb5 gxf4 49. c7 Kg7 50. a4 f3 51. gxf3 Qxh3 52. Qc5 Qh4+ 53. Ke3 Qg5+ 54. Kf2 Qh4+ 55. Ke3 Qg5+ 56. f4 Qf5 57. Qe7+ Kg8 58. a5 Qh3+ 59. Kd4 Bf5 60. Kxd5 Qb3+ 1-0

[Event "EYCC Open-U10 2019"]
[Site "Bratislava"]
[Date "2019.08.10"]
[Round "9.19"]
[White "Medhus, Vitus Bondo"]
[Black "Dotzer, Lukas"]
[Result "0-1"]
[ECO "C44"]
[WhiteElo "1704"]
[BlackElo "1070"]
[Annotator "NA RC"]
[PlyCount "64"]
[EventDate "2019.08.02"]
[EventType "swiss"]
[EventCountry "SVK"]
[SourceTitle "playchess.com"]
[Source "ChessBase"]
[SourceQuality "1"]
[TimeControl "40/5400+30:1800+30"]

1. e4 e5 2. Nf3 Nc6 3. d4 exd4 4. Bc4 Bc5 5. c3 Nf6 6. O-O d5 7. exd5 Nxd5 8. cxd4 Bb6 9. Re1+ Be6 10. Bxd5 Qxd5 11. Nc3 Qh5 12. d5 O-O-O 13. Ng5 Bg4 14. Qa4 Rhe8 15. Rxe8 Rxe8 16. Bf4 f6 17. Nge4 Ne5 18. Bxe5 Qxe5 19. Re1 Kd8 20. h3 Bd7 21. Qb4 f5 22. a4 a5 23. Qc4 fxe4 24. Nxe4 Qf4 25. d6 cxd6 26. g3 Qf3 27. Kh2 Rxe4 28. Qg8+ Kc7 29. Rc1+ Bc5 30. Qa8 Qxf2+ 31. Kh1 Qf3+ 32. Kh2 Re2# 0-1

[Event "EYCC Open-U10 2019"]
[Site "Bratislava"]
[Date "2019.08.10"]
[Round "9.20"]
[White "Jaakkola, Niklas"]
[Black "Shearsby, Jude"]
[Result "1-0"]
[ECO "B00"]
[WhiteElo "1587"]
[BlackElo "1486"]
[Annotator "NA RC"]
[PlyCount "81"]
[EventDate "2019.08.02"]
[EventType "swiss"]
[EventCountry "SVK"]
[SourceTitle "playchess.com"]
[Source "ChessBase"]
[SourceQuality "1"]
[TimeControl "40/5400+30:1800+30"]

1. e4 Nc6 2. Nf3 d6 3. d4 Nf6 4. Nc3 g6 5. d5 Nb8 6. h3 Bg7 7. Bc4 O-O 8. O-O c6 9. a4 cxd5 10. exd5 e5 11. dxe6 fxe6 12. Re1 d5 13. Bb3 Nc6 14. Bg5 Bd7 15. Qd2 Na5 16. Ba2 Rc8 17. Rad1 Nc4 18. Bxc4 Rxc4 19. Bxf6 Qxf6 20. Nxd5 exd5 21. Qxd5+ Qf7 22. Qxd7 Rc7 23. Qxf7+ Rcxf7 24. b3 Rc7 25. c4 h6 26. Nd4 Bxd4 27. Rxd4 Kg7 28. Re6 Rcf7 29. Rdd6 Rf6 30. Rxf6 Rxf6 31. Rd7+ Rf7 32. Rxf7+ Kxf7 33. f4 Ke6 34. Kf2 Kf5 35. Kf3 a5 36. g4+ Ke6 37. Ke4 b6 38. f5+ gxf5+ 39. gxf5+ Kf6 40. h4 h5 41. Kf4 1-0

[Event "EYCC Open-U10 2019"]
[Site "Bratislava"]
[Date "2019.08.10"]
[Round "9.21"]
[White "Sommer, Justus"]
[Black "Misiuk, Martynas"]
[Result "1-0"]
[ECO "B27"]
[WhiteElo "1671"]
[BlackElo "1304"]
[Annotator "NA RC"]
[PlyCount "53"]
[EventDate "2019.08.02"]
[EventType "swiss"]
[EventCountry "SVK"]
[SourceTitle "playchess.com"]
[Source "ChessBase"]
[SourceQuality "1"]
[TimeControl "40/5400+30:1800+30"]

1. e4 c5 2. Nf3 g6 3. d4 cxd4 4. Qxd4 Nf6 5. Nc3 Nc6 6. Qa4 d6 7. e5 dxe5 8. Nxe5 Bd7 9. Nxd7 Nxd7 10. Bb5 Bg7 11. Bxc6 bxc6 12. Bd2 Rb8 13. b3 O-O 14. Rd1 Qc7 15. O-O Rfd8 16. Rfe1 Nb6 17. Qf4 Qb7 18. Ne4 Rd5 19. c4 Rf5 20. Qe3 Rd8 21. Bc3 Qc7 22. Rxd8+ Qxd8 23. Bxg7 Kxg7 24. Ng3 Rf6 25. Qxe7 Qd2 26. Qxf6+ Kxf6 27. Ne4+ 1-0

[Event "EYCC Open-U10 2019"]
[Site "Bratislava"]
[Date "2019.08.10"]
[Round "9.22"]
[White "Sauer, Tim"]
[Black "Povshednyi, Ivan"]
[Result "0-1"]
[ECO "A21"]
[WhiteElo "1635"]
[BlackElo "1872"]
[Annotator "NA RC"]
[PlyCount "84"]
[EventDate "2019.08.02"]
[EventType "swiss"]
[EventCountry "SVK"]
[SourceTitle "playchess.com"]
[Source "ChessBase"]
[SourceQuality "1"]
[TimeControl "40/5400+30:1800+30"]

1. c4 e5 2. Nc3 c5 3. g3 Nc6 4. Bg2 Nge7 5. e3 g6 6. Nge2 Bg7 7. O-O O-O 8. b3 d6 9. Bb2 a6 10. Nd5 Rb8 11. d4 exd4 12. exd4 Bg4 13. f3 Be6 14. Nxe7+ Nxe7 15. Nf4 Nf5 16. Nxe6 fxe6 17. Re1 Bxd4+ 18. Bxd4 Nxd4 19. f4 b5 20. cxb5 axb5 21. b4 Qb6 22. Kh1 Rbe8 23. bxc5 dxc5 24. Re5 c4 25. Rc1 Rc8 26. h4 Rf5 27. h5 Rxe5 28. fxe5 Nf5 29. hxg6 hxg6 30. Qg4 Kg7 31. Rd1 Rd8 32. Rxd8 Qxd8 33. Qf4 Qd4 34. Qf3 Qxe5 35. Qb7+ Kh6 36. g4 Ne3 37. Qf3 Nxg2 38. Qxg2 Qd5 39. g5+ Kh5 40. Qxd5 exd5 41. Kg2 c3 42. Kf3 c2 0-1

[Event "EYCC Open-U10 2019"]
[Site "Bratislava"]
[Date "2019.08.10"]
[Round "9.23"]
[White "Helms, Finn"]
[Black "Papaioannou, Dimitrios"]
[Result "1-0"]
[ECO "A45"]
[WhiteElo "1787"]
[BlackElo "1629"]
[Annotator "NA RC"]
[PlyCount "115"]
[EventDate "2019.08.02"]
[EventType "swiss"]
[EventCountry "SVK"]
[SourceTitle "playchess.com"]
[Source "ChessBase"]
[SourceQuality "1"]
[TimeControl "40/5400+30:1800+30"]

1. d4 Nf6 2. Bf4 d5 3. e3 e6 4. Nf3 c5 5. c3 Nc6 6. Nbd2 Be7 7. h3 O-O 8. Bd3 b6 9. O-O Bb7 10. Ne5 Nxe5 11. Bxe5 Ne4 12. f3 Nxd2 13. Qxd2 f5 14. f4 Bf6 15. Bxf6 Qxf6 16. Rae1 Rac8 17. Rf2 Qh6 18. Rf3 Bc6 19. Qf2 g6 20. g4 Kf7 21. g5 Qg7 22. h4 Ke7 23. Rh3 c4 24. Bb1 Kd6 25. Qh2 Rf7 26. Kf2 Kc7 27. Rh1 Kb7 28. h5 Rcc7 29. hxg6 hxg6 30. Rh8 Ba4 31. Ke2 Bb5 32. Qh6 Bc6 33. Bc2 Rce7 34. b3 Rc7 35. Kd2 cxb3 36. axb3 Rc8 37. Rxc8 Kxc8 38. Qh8+ Kc7 39. Qh3 Kd6 40. Bd1 Rf8 41. Bf3 Bb5 42. Rc1 Rh8 43. Qg2 Bc6 44. c4 Qh7 45. c5+ bxc5 46. dxc5+ Kc7 47. Rh1 Qg7 48. Rb1 Bb5 49. Be2 a6 50. Bxb5 axb5 51. Qe2 b4 52. Qd3 Rh2+ 53. Kc1 Ra2 54. Qd4 Qh7 55. Rb2 Qh1+ 56. Kc2 Qg2+ 57. Kb1 Qe4+ 58. Kxa2 1-0

[Event "EYCC Open-U10 2019"]
[Site "Bratislava"]
[Date "2019.08.10"]
[Round "9.24"]
[White "Rudnev, Andrei"]
[Black "Efimov, Leonid"]
[Result "1-0"]
[ECO "B26"]
[WhiteElo "1607"]
[BlackElo "1773"]
[Annotator "NA RC"]
[PlyCount "111"]
[EventDate "2019.08.02"]
[EventType "swiss"]
[EventCountry "SVK"]
[SourceTitle "playchess.com"]
[Source "ChessBase"]
[SourceQuality "1"]
[TimeControl "40/5400+30:1800+30"]

1. e4 c5 2. Nc3 Nc6 3. g3 g6 4. Bg2 Bg7 5. d3 d6 6. Be3 e5 7. Qd2 Nge7 8. Bh6 Bxh6 9. Qxh6 Nd4 10. Qd2 Be6 11. Nce2 d5 12. c3 Ndc6 13. Nf3 O-O 14. Qh6 f6 15. h4 dxe4 16. dxe4 Bc4 17. Qe3 Qd3 18. Nd2 Qxe3 19. fxe3 Be6 20. O-O-O Rfd8 21. Kc2 a5 22. a4 c4 23. b3 cxb3+ 24. Nxb3 Bc4 25. Nec1 b5 26. Nd2 Rdb8 27. Nxc4 bxc4 28. Bf1 Rc8 29. Bxc4+ Kh8 30. Be6 Rd8 31. Rd7 Rxd7 32. Bxd7 Rd8 33. Bxc6 Nxc6 34. Rd1 Rxd1 35. Kxd1 Kg7 36. Ke2 f5 37. exf5 gxf5 38. e4 Kf6 39. Kf3 Nd8 40. Nb3 Nc6 41. exf5 Kxf5 42. g4+ Kf6 43. Ke4 Ke6 44. c4 Kf6 45. g5+ Ke6 46. c5 Ke7 47. Kd5 Kd7 48. h5 Kc7 49. Nxa5 Nxa5 50. Kxe5 Nc6+ 51. Kf6 Nd4 52. g6 hxg6 53. hxg6 Kc6 54. g7 Kxc5 55. g8=Q Kb4 56. Qg4 1-0

[Event "EYCC Open-U10 2019"]
[Site "Bratislava"]
[Date "2019.08.10"]
[Round "9.25"]
[White "Csernyik, Mark"]
[Black "Butolo, Alexandru-Mircea"]
[Result "1-0"]
[ECO "B21"]
[WhiteElo "1648"]
[BlackElo "1593"]
[Annotator "NA RC"]
[PlyCount "85"]
[EventDate "2019.08.02"]
[EventType "swiss"]
[EventCountry "SVK"]
[SourceTitle "playchess.com"]
[Source "ChessBase"]
[SourceQuality "1"]
[TimeControl "40/5400+30:1800+30"]

1. e4 c5 2. d4 cxd4 3. c3 dxc3 4. Nxc3 e6 5. Nf3 d6 6. Bc4 a6 7. O-O b5 8. Bb3 Nc6 9. Qe2 Be7 10. Rd1 Ra7 11. Be3 Rd7 12. Rac1 Na5 13. Nd4 Nxb3 14. axb3 Bb7 15. Na2 Bg5 16. Nxe6 fxe6 17. Qh5+ g6 18. Bxg5 gxh5 19. Bxd8 Kxd8 20. Nb4 Ne7 21. Ra1 Rg8 22. f3 Ke8 23. Nxa6 Nc6 24. f4 Kf7 25. Nc5 Rc7 26. Rxd6 Nd8 27. b4 Ke7 28. Rad1 Bc6 29. g3 h4 30. Rxd8 Rxd8 31. Rxd8 hxg3 32. Rh8 gxh2+ 33. Kxh2 Kf6 34. e5+ Kg6 35. Nxe6 Ra7 36. Rg8+ Kh6 37. Kg3 Bd5 38. Re8 Kg6 39. Nc5 Ra2 40. b3 Kh5 41. Rd8 Bc6 42. Rd6 Be8 43. Ne6 1-0

[Event "EYCC Open-U10 2019"]
[Site "Bratislava"]
[Date "2019.08.10"]
[Round "9.26"]
[White "Kisic, Jovan"]
[Black "Ahmadzada, Huseyn"]
[Result "1/2-1/2"]
[ECO "D55"]
[WhiteElo "1757"]
[BlackElo "1497"]
[Annotator "NA RC"]
[PlyCount "47"]
[EventDate "2019.08.02"]
[EventType "swiss"]
[EventCountry "SVK"]
[SourceTitle "playchess.com"]
[Source "ChessBase"]
[SourceQuality "1"]
[TimeControl "40/5400+30:1800+30"]

1. d4 Nf6 2. c4 e6 3. Nc3 d5 4. Bg5 Be7 5. Nf3 O-O 6. e3 c6 7. Rc1 Ne4 8. Bxe7 Qxe7 9. Bd3 f5 10. O-O Bd7 11. Ne5 Be8 12. f3 Nxc3 13. Rxc3 Nd7 14. Nxd7 Qxd7 15. f4 Qe7 16. Be2 Rf6 17. Rf3 Rh6 18. Rg3 Qf6 19. Rb3 b6 20. cxd5 exd5 21. Rc3 Rd8 22. b4 Qe7 23. Qb1 Qf6 24. Bd3 1/2-1/2

[Event "EYCC Open-U10 2019"]
[Site "Bratislava"]
[Date "2019.08.10"]
[Round "9.27"]
[White "Ermitsch, Magnus"]
[Black "Koblov, Egor"]
[Result "1/2-1/2"]
[ECO "B38"]
[WhiteElo "1750"]
[BlackElo "1312"]
[Annotator "NA RC"]
[PlyCount "108"]
[EventDate "2019.08.02"]
[EventType "swiss"]
[EventCountry "SVK"]
[SourceTitle "playchess.com"]
[Source "ChessBase"]
[SourceQuality "1"]
[TimeControl "40/5400+30:1800+30"]

1. e4 c5 2. Nf3 Nc6 3. d4 cxd4 4. Nxd4 g6 5. c4 Bg7 6. Be3 Nf6 7. Nc3 O-O 8. Be2 b6 9. O-O Bb7 10. f3 e6 11. Nxc6 Bxc6 12. Qb3 Qc7 13. Rac1 Qb7 14. Rfd1 Rfd8 15. Nd5 exd5 16. cxd5 Rac8 17. dxc6 dxc6 18. Rd3 c5 19. Rxc5 Rxd3 20. Rxc8+ Qxc8 21. Qxd3 Nd7 22. b3 Ne5 23. Qd2 Qf8 24. f4 Nc6 25. Bc4 Qb4 26. Qxb4 Nxb4 27. a4 Nc2 28. Bf2 Nd4 29. e5 Nc6 30. Bd5 Nb4 31. Be4 Na2 32. Be1 Nc1 33. Kf2 Nxb3 34. Ke3 Nc5 35. Bc6 f6 36. exf6 Bxf6 37. g4 Kf7 38. h3 Ke6 39. a5 Kd6 40. axb6 Kxc6 41. bxa7 Kb7 42. Bb4 Na6 43. Bd6 Kxa7 44. Ke4 Kb6 45. f5 Nc7 46. Be5 Be7 47. Bg3 Kc6 48. h4 Ne8 49. g5 Nd6+ 50. Bxd6 Bxd6 51. fxg6 hxg6 52. Kf3 Kd5 53. Kg4 Be7 54. h5 gxh5+ 1/2-1/2

[Event "EYCC Open-U10 2019"]
[Site "Bratislava"]
[Date "2019.08.10"]
[Round "9.28"]
[White "Udipi, Kala Kishan"]
[Black "Blumenthal, Michael"]
[Result "0-1"]
[ECO "D02"]
[WhiteElo "1732"]
[BlackElo "1311"]
[Annotator "NA RC"]
[PlyCount "120"]
[EventDate "2019.08.02"]
[EventType "swiss"]
[EventCountry "SVK"]
[SourceTitle "playchess.com"]
[Source "ChessBase"]
[SourceQuality "1"]
[TimeControl "40/5400+30:1800+30"]

1. d4 d5 2. Nf3 Nf6 3. c4 e6 4. cxd5 exd5 5. Nc3 c6 6. Bg5 Be7 7. Qc2 Bg4 8. Ne5 Bh5 9. e3 Nbd7 10. Nxd7 Nxd7 11. Bxe7 Qxe7 12. Be2 Bg6 13. Qd2 O-O 14. O-O Nf6 15. Bd3 Rfe8 16. Bxg6 hxg6 17. Rab1 Nd7 18. Rfe1 Nb6 19. b3 Rad8 20. e4 dxe4 21. Rxe4 Qd7 22. Rbe1 Rxe4 23. Nxe4 Nd5 24. Nc5 Qc7 25. Qg5 Nf6 26. Qe5 Re8 27. Qxe8+ Nxe8 28. Rxe8+ Kh7 29. Re1 b6 30. Ne4 Qd7 31. Rd1 f6 32. f3 Kg8 33. Kf2 Kf7 34. h3 Qe7 35. Rc1 f5 36. Ng3 Qh4 37. Rxc6 f4 38. Rc7+ Kg8 39. Rxa7 fxg3+ 40. Ke3 Qg5+ 41. f4 Qd5 42. Ra6 Qxg2 43. Rxb6 Qf2+ 44. Kd3 g2 45. Rxg6 g1=Q 46. Rxg1 Qxg1 47. a4 Qc1 48. a5 Qa3 49. d5 Qxb3+ 50. Kd4 Qb4+ 51. Ke5 Qxa5 52. Ke6 Qd8 53. d6 Kh7 54. d7 Kh6 55. Kd6 Kh5 56. f5 Kh4 57. f6 gxf6 58. Ke6 Kxh3 59. Kd6 f5 60. Ke5 Qxd7 0-1

[Event "EYCC Open-U10 2019"]
[Site "Bratislava"]
[Date "2019.08.10"]
[Round "9.29"]
[White "Farias, David Nuno M E"]
[Black "Panda, Barnabas"]
[Result "1-0"]
[ECO "B56"]
[WhiteElo "1372"]
[BlackElo "1625"]
[Annotator "NA RC"]
[PlyCount "61"]
[EventDate "2019.08.02"]
[EventType "swiss"]
[EventCountry "SVK"]
[SourceTitle "playchess.com"]
[Source "ChessBase"]
[SourceQuality "1"]
[TimeControl "40/5400+30:1800+30"]

1. e4 c5 2. Nf3 Nc6 3. d4 cxd4 4. Nxd4 Nf6 5. Nc3 d6 6. Be3 Ng4 7. Nf5 Nxe3 8. Nxe3 e6 9. Be2 Be7 10. O-O O-O 11. Kh1 a6 12. f4 b5 13. a3 Qb6 14. Qd2 Bb7 15. Rad1 Rac8 16. Rf3 Bf6 17. Ng4 Bxc3 18. bxc3 Rfd8 19. Rg3 Ne7 20. f5 exf5 21. exf5 Nxf5 22. Nh6+ Nxh6 23. Qxh6 g6 24. Rh3 Qf2 25. Qxh7+ Kf8 26. Bf3 Qb6 27. Rf1 d5 28. Bg4 Rc7 29. Qh8+ Ke7 30. Qe5+ Kf8 31. Rh8# 1-0

[Event "EYCC Open-U10 2019"]
[Site "Bratislava"]
[Date "2019.08.10"]
[Round "9.30"]
[White "Bazilius, Augustinas"]
[Black "Artissi, Albert"]
[Result "1-0"]
[ECO "D35"]
[WhiteElo "1666"]
[BlackElo "1250"]
[Annotator "NA RC"]
[PlyCount "77"]
[EventDate "2019.08.02"]
[EventType "swiss"]
[EventCountry "SVK"]
[SourceTitle "playchess.com"]
[Source "ChessBase"]
[SourceQuality "1"]
[TimeControl "40/5400+30:1800+30"]

1. d4 d5 2. c4 e6 3. Nc3 Nf6 4. cxd5 exd5 5. Bg5 Nbd7 6. e3 h6 7. Bh4 Bb4 8. Bd3 O-O 9. Nge2 c6 10. O-O Qb6 11. Qc2 Bd6 12. h3 g5 13. Bg3 Bxg3 14. Nxg3 Nb8 15. Bf5 Nbd7 16. f4 gxf4 17. Rxf4 Re8 18. Bxd7 Nxd7 19. Qf5 Ne5 20. Qh5 Qxb2 21. dxe5 Qxa1+ 22. Rf1 Qxf1+ 23. Kxf1 Kg7 24. Nf5+ Bxf5 25. Qxf5 Re6 26. Ne2 Rae8 27. Nf4 Rxe5 28. Nh5+ Kf8 29. Qg4 Rxe3 30. Qg7+ Ke7 31. Qxh6 d4 32. Qf6+ Kf8 33. Qg7+ Ke7 34. Qxd4 Re6 35. Ng7 Rf6+ 36. Kg1 Rg8 37. Qe5+ Kf8 38. Qxf6 Rxg7 39. Qd8# 1-0

[Event "EYCC Open-U10 2019"]
[Site "Bratislava"]
[Date "2019.08.10"]
[Round "9.31"]
[White "Romanov, Vladislav O."]
[Black "Englisch, Tobias"]
[Result "1/2-1/2"]
[ECO "A16"]
[WhiteElo "1099"]
[BlackElo "1643"]
[Annotator "NA RC"]
[PlyCount "148"]
[EventDate "2019.08.02"]
[EventType "swiss"]
[EventCountry "SVK"]
[SourceTitle "playchess.com"]
[Source "ChessBase"]
[SourceQuality "1"]
[TimeControl "40/5400+30:1800+30"]

1. c4 Nf6 2. Nc3 d5 3. cxd5 Nxd5 4. g3 Nxc3 5. bxc3 g6 6. Bg2 Bg7 7. Nf3 c5 8. O-O Nc6 9. Rb1 O-O 10. c4 Qc7 11. d3 b6 12. Bb2 Bxb2 13. Rxb2 Bb7 14. Qc2 e5 15. e3 Rad8 16. a3 Rd6 17. Rbb1 Rfd8 18. Rfd1 Qd7 19. Ne1 Na5 20. Bxb7 Qxb7 21. Qc3 Qe7 22. e4 Qe6 23. Rbc1 f6 24. Ng2 Qd7 25. Ne1 Rd4 26. f3 Kg7 27. Qc2 Nxc4 28. Kf2 Nxa3 29. Qa2 Nb5 30. Qb3 Nc7 31. Qa3 a6 32. Qb3 Rb4 33. Qa3 Qd4+ 34. Kf1 Qb2 35. Qxb2 Rxb2 36. Rb1 Rxb1 37. Rxb1 b5 38. Rc1 Ne6 39. Ra1 Ra8 40. Nc2 b4 41. Ne3 Nd4 42. Kf2 b3 43. Nc4 a5 44. Nb2 Nb5 45. Ke3 Nd4 46. Kf2 Kf7 47. Ra4 Ke6 48. Nc4 Rb8 49. Nb2 Nc6 50. Ke3 Rb4 51. Ra1 Kd7 52. f4 exf4+ 53. gxf4 Kc7 54. Kd2 Kb6 55. Na4+ Kb5 56. Nc3+ Ka6 57. Nd5 Rd4 58. Kc3 Nb4 59. Nxb4+ Rxb4 60. e5 fxe5 61. fxe5 Rb6 62. e6 Rxe6 63. Kxb3 Re2 64. Kc4 Rxh2 65. Kxc5 Rc2+ 66. Kd5 Rg2 67. d4 h5 68. Ke5 h4 69. d5 Kb6 70. d6 Kc6 71. Rc1+ Kd7 72. Rc7+ Kd8 73. Rh7 Rd2 74. Ke6 Re2+ 1/2-1/2

[Event "EYCC Open-U10 2019"]
[Site "Bratislava"]
[Date "2019.08.10"]
[Round "9.32"]
[White "Dyachuk, Artem"]
[Black "Kote, Aleks"]
[Result "1-0"]
[ECO "E73"]
[WhiteElo "1538"]
[BlackElo "1257"]
[Annotator "NA RC"]
[PlyCount "63"]
[EventDate "2019.08.02"]
[EventType "swiss"]
[EventCountry "SVK"]
[SourceTitle "playchess.com"]
[Source "ChessBase"]
[SourceQuality "1"]
[TimeControl "40/5400+30:1800+30"]

1. d4 Nf6 2. c4 g6 3. Nc3 Bg7 4. e4 d6 5. Bg5 O-O 6. Be2 Nbd7 7. Nf3 c5 8. d5 Ng4 9. O-O Nge5 10. Nxe5 Nxe5 11. f4 Nd7 12. Bh4 Qb6 13. Qc2 Re8 14. Bf2 Nf8 15. Bf3 f5 16. exf5 Bxf5 17. Be4 Bxe4 18. Nxe4 Rab8 19. Rab1 Qa6 20. a3 b5 21. Nd2 b4 22. axb4 Rxb4 23. b3 Nd7 24. Qe4 Nf6 25. Qe6+ Kh8 26. Bxc5 Rb7 27. Bd4 Nh5 28. Be3 Qa2 29. Ne4 Bf6 30. Nxf6 Nxf6 31. Bd4 Rf8 32. g4 1-0

[Event "EYCC Open-U10 2019"]
[Site "Bratislava"]
[Date "2019.08.10"]
[Round "9.33"]
[White "Cruceru-Uceanu, Tudor-Mihai"]
[Black "Perossa, Nicolas"]
[Result "0-1"]
[ECO "C05"]
[WhiteElo "1234"]
[BlackElo "1661"]
[Annotator "NA RC"]
[PlyCount "102"]
[EventDate "2019.08.02"]
[EventType "swiss"]
[EventCountry "SVK"]
[SourceTitle "playchess.com"]
[Source "ChessBase"]
[SourceQuality "1"]
[TimeControl "40/5400+30:1800+30"]

1. e4 e6 2. d4 d5 3. Nd2 Nf6 4. e5 Nfd7 5. Bd3 c5 6. c3 Nc6 7. Ne2 Qb6 8. Nf3 f6 9. exf6 Nxf6 10. O-O Bd6 11. Ng3 cxd4 12. cxd4 Bd7 13. Re1 O-O-O 14. Bf1 Kb8 15. a4 h6 16. Be3 g5 17. Ne5 Rhf8 18. Qd2 Bb4 19. Nxc6+ Bxc6 20. a5 Bxd2 21. axb6 Bxe1 22. bxa7+ Ka8 23. Rxe1 Kxa7 24. b4 Bd7 25. f4 Ng4 26. Bd2 gxf4 27. Nh5 Rc8 28. Bxf4 Be8 29. Bd6 Bxh5 30. Bxf8 Rxf8 31. Rxe6 Rf6 32. Re7 Nf2 33. h3 Ne4 34. g4 Bg6 35. Bg2 Rb6 36. h4 Nc3 37. h5 Be4 38. Rg7 Ne2+ 39. Kh2 Bxg2 40. Kxg2 Nxd4 41. Rg6 Rxg6 42. hxg6 Ne6 43. Kg3 Kb6 44. Kh4 d4 45. Kg3 Kb5 46. Kf3 Kc4 47. Ke4 d3 48. Ke5 d2 49. Kxe6 d1=Q 50. Kf5 Qd8 51. g7 Qe8 0-1

[Event "EYCC Open-U10 2019"]
[Site "Bratislava"]
[Date "2019.08.10"]
[Round "9.34"]
[White "Khoo-Thwe, Louis"]
[Black "Batozhargalov, Erdem"]
[Result "1-0"]
[ECO "C50"]
[WhiteElo "1746"]
[BlackElo "1080"]
[Annotator "NA RC"]
[PlyCount "99"]
[EventDate "2019.08.02"]
[EventType "swiss"]
[EventCountry "SVK"]
[SourceTitle "playchess.com"]
[Source "ChessBase"]
[SourceQuality "1"]
[TimeControl "40/5400+30:1800+30"]

1. e4 e5 2. Nf3 Nc6 3. Bc4 Nf6 4. d3 Bc5 5. O-O O-O 6. c3 a6 7. Nbd2 d6 8. Re1 Ba7 9. Nf1 Ng4 10. Re2 Kh8 11. h3 f5 12. hxg4 fxg4 13. N3h2 Qf6 14. Be3 Bxe3 15. Nxe3 h5 16. Nd5 Qd8 17. Re3 Na5 18. Qd2 h4 19. g3 c6 20. Nb4 h3 21. Qe2 Qg5 22. d4 b5 23. Bb3 c5 24. dxc5 dxc5 25. Nd5 c4 26. Bd1 Qh6 27. b4 Nc6 28. a4 Rb8 29. axb5 axb5 30. Qd2 Qg6 31. Ra2 Be6 32. Ra6 Rbc8 33. Rxc6 Rxc6 34. Ne7 Qe8 35. Nxc6 Qxc6 36. Bxg4 Bxg4 37. Nxg4 Qe6 38. f3 Ra8 39. Re1 Rf8 40. Rf1 Qg6 41. Kh2 Qh5 42. Qd5 Re8 43. Qxb5 Rd8 44. Rf2 Rd1 45. Ra2 Qg5 46. Qxe5 Qd8 47. Qf4 Re1 48. Ne5 Qd1 49. Qh4+ Kg8 50. Ra8+ 1-0